 Dungeon Crawl Stone Soup version 0.24-a0-530-g18ba70b5 (webtiles) character file.

Game seed: 8419512941732159819

13 sl00ts the Stinger (level 2, 0/22 HPs)
             Began as a Naga Venom Mage on Aug 9, 2019.
             Slain by a rat (1 damage)
             ... on level 2 of the Dungeon.
             The game lasted 00:02:53 (973 turns).

sl00ts the Stinger (Naga Venom Mage)                 Turns: 973, Time: 00:02:54

Health: 0/22       AC:  2    Str: 10    XL:     2   Next: 37%
Magic:  1/5        EV: 10    Int: 15    God:
Gold:   20         SH:  0    Dex: 11    Spells: 2/5 levels left

rFire    . . .     SeeInvis +   g - -3 short sword (curse)
rCold    . . .     Gourm    .   (no shield)
rNeg     . . .     Faith    .   a - +0 robe
rPois    +         Spirit   .   (no helmet)
rElec    .         Reflect  .   d - +0 cloak
rCorr    .         Harm     .   (no gloves)
MR       .....                  (no barding)
Stlth    ++........             (no amulet)
HPRegen  0.07/turn              (no ring)
MPRegen  0.09/turn              (no ring)

@: very slightly contaminated, very slow
A: large, see invisible, deformed body, poison resistance, slowness 2, slow
metabolism 1, spit poison 1, AC +0
a: Spit Poison


You were on level 2 of the Dungeon.
You were not hungry.

You visited 1 branch of the dungeon, and saw 2 of its levels.

You collected 20 gold pieces.

Inventory:

Hand Weapons
 g - a cursed -3 short sword (weapon)
Armour
 a - a +0 robe (worn)
 d - a +0 cloak (worn)
Jewellery
 b - an uncursed amulet of the acrobat {unknown}
Potions
 e - a potion of agility
Comestibles
 c - a ration


   Skills:
 - Level 1.5 Dodging
 - Level 3.0 Stealth
 * Level 2.4 Spellcasting
 - Level 1.0 Conjurations
 * Level 4.5 Poison Magic


You had 2 spell levels left.
You knew the following spells:

 Your Spells              Type           Power        Failure   Level  Hunger
a - Sting                 Conj/Pois      ##..         7%          1    #......
b - Poisonous Vapours     Pois/Air       #.....       13%         2    ###....

Your spell library contained the following spells:

 Spells                   Type           Power        Failure   Level  Hunger
 Mephitic Cloud           Conj/Pois/Air  #.......     30%         3    ###....
 Olgreb's Toxic Radiance  Pois           ###.....     32%         4    #####..
 Venom Bolt               Conj/Pois      ##........   88%         5    ######.


Dungeon Overview and Level Annotations

Branches:
Dungeon (2/15)

Altars:


Innate Abilities, Weirdness & Mutations

You cannot wear boots.
Your serpentine skin is tough. (AC +0)
You have supernaturally acute eyesight. (SInv)
Armour fits poorly on your strangely shaped body.
Your system is resistant to poisons. (rPois)
You cover ground very slowly.
You have a slow metabolism.
You can spit poison.


Message History

The ooze closely misses you.
You barely miss the ooze.
The ooze is moderately wounded.
The rat bites you.
* * * LOW HITPOINT WARNING * * *
The ooze hits you.
* * * LOW HITPOINT WARNING * * *
You hit the ooze.
The ooze is heavily wounded.
The rat closely misses you. The ooze hits you.
* * * LOW HITPOINT WARNING * * *
You hit the ooze but do no damage.
The ooze is heavily wounded.
The rat bites you.
* * * LOW HITPOINT WARNING * * *
The ooze barely misses you. The rat barely misses you.
You hit the ooze.
The ooze is heavily wounded.
The ooze barely misses you. The rat bites you.
You die...

.. ...
#.#+#+##..
#........
....... .....
#...# #.Jr#
#.@.# #...#
#..(# .
#...#######
..####..........
.........#######
#.......##
..#....<#
#.###.#


You could see an ooze and a rat.

Vanquished Creatures
  A giant cockroach (D:1)
  2 hobgoblins (D:1)
  2 bats (D:1)
  2 frilled lizards (D:1)
  3 goblins (D:1)
  A kobold (D:1)
  3 rats (D:1)
14 creatures vanquished.

Notes
Turn   | Place    | Note
-------+----------+-------------------------------------------
     0 | D:1      | sl00ts the Naga Venom Mage began the quest for the Orb.
     0 | D:1      | Reached XP level 1. HP: 15/15 MP: 3/3
   332 | D:1      | Reached XP level 2. HP: 21/22 MP: 1/5
   383 | D:1      | Learned a level 2 spell: Poisonous Vapours
   972 | D:2      | HP: 1/22 [rat (1)]
   973 | D:2      | Slain by a rat

Levels and vault maps discovered:
D:1:      co_arrival_random_square_maze, layout_rooms
D:2:      layout_basic, hangedman_ru_absence, nicolae_overflow_hidden_temple

Action                   || total
-------------------------++-------
Melee: Unarmed           ||    11
       Short sword       ||    24
 Cast: Sting             ||    18
       Poisonous Vapours ||     4
 Abil: Spit Poison       ||     3
  Use: Scroll            ||     3
Armor: Robe              ||    12
Dodge: Dodged            ||    42

Table legend:
 A = Non-vault XP
 B = Vault XP
 C = Vault XP percentage of total XP
 D = Non-vault monster count
 E = Vault monster count
 F = Vault count percentage of total count
                 A         B        C        D         E       F
            +---------+---------+-------+---------+---------+-------
      Total |      19 |       0 |   0.0 |      14 |       0 |   0.0
            +---------+---------+-------+---------+---------+-------
        D:1 |      19 |       0 |   0.0 |      14 |       0 |   0.0
            +---------+---------+-------+---------+---------+-------
